 Dungeon Crawl Stone Soup version 0.24.0-125-gc4c63601f3 (webtiles) character file.

Game seed: 7112099092377935940, levelgen mode: deterministic

3490 Peloso the Carver (level 9, -4/79 HPs)
             Began as a Minotaur Fighter on Mar 20, 2020.
             Was an Initiate of Okawaru.
             Slain by a death yak (8 damage)
             ... on level 7 of the Dungeon.
             The game lasted 00:16:13 (6822 turns).

Peloso the Carver (Minotaur Fighter)                Turns: 6822, Time: 00:16:14

Health: -4/79      AC: 12    Str: 23    XL:     9   Next: 80%
Magic:  8/8        EV:  9    Int:  5    God:    Okawaru [......]
Gold:   47         SH: 11    Dex: 11    Spells: 8/8 levels left

rFire    + + .     SeeInvis .   a - +0 long sword
rCold    x . .     Gourm    .   c - +0 shield
rNeg     . . .     Faith    .   l - +0 chain mail
rPois    .         Spirit   .   (helmet restricted)
rElec    .         Reflect  .   g - +0 cloak of Liacadof {+Blink rF+}
rCorr    .         Harm     .   (no gloves)
MR       .....                  (no boots)
Stlth    ..........             (no amulet)
HPRegen  0.23/turn              w - ring of fire
MPRegen  0.11/turn              (no ring)

@: no status effects
A: retaliatory headbutt, horns 2
a: Renounce Religion, Evoke Blink


You were on level 7 of the Dungeon.
You worshipped Okawaru.
Okawaru was noncommittal.
You were hungry.

You visited 2 branches of the dungeon, and saw 9 of its levels.
You also visited: Sewer and Ossuary.

You collected 332 gold pieces.
You spent 285 gold pieces at shops.

Inventory:

Hand Weapons
 a - a +0 long sword (weapon)
Armour
 b - a +0 scale mail
 c - a +0 shield (worn)
 g - the +0 cloak of Liacadof (worn) {+Blink rF+}
   (You bought it in a shop on level 7 of the Dungeon)

   It protects you from fire.
   It lets you blink.
 l - a +0 chain mail (worn)
Jewellery
 w - a ring of fire (left hand)
Wands
 o - a wand of digging (7)
 s - a wand of enslavement (6)
Scrolls
 d - 3 scrolls of fear {unknown}
 h - 3 scrolls of enchant weapon {unknown}
 i - 3 scrolls of enchant armour {unknown}
 j - 4 scrolls of teleportation {unknown}
 m - 12 scrolls of identify {unknown}
 n - 4 scrolls of remove curse {unknown}
 p - a scroll of fog {unknown}
 q - 2 scrolls of immolation {unknown}
 r - a scroll of random uselessness {unknown}
 t - a scroll of noise {unknown}
 y - a scroll of amnesia {unknown}
Potions
 e - a potion of curing
 k - 2 potions of lignification
 u - 2 potions of heal wounds
 x - 3 potions of mutation {unknown}
 z - a potion of agility {unknown}
 A - a potion of flight {unknown}
Comestibles
 f - 13 rations


   Skills:
 + Level 7.1 Fighting
 + Level 10.0 Long Blades
 + Level 8.6 Armour
 + Level 4.3 Dodging
 + Level 0.7 Stealth
 + Level 8.8 Shields


You had 8 spell levels left.
You didn't know any spells.
Your spell library was empty.

Dungeon Overview and Level Annotations

Branches:
Dungeon (8/15)             Temple (1/1) D:7           Sewer (visited)
Ossuary (visited)
   Lair: D:8-11

Altars:
Ashenzari
Cheibriados
Dithmenos
Elyvilon
Fedhas
Gozag
Hepliaklqana
Makhleb
Nemelex Xobeh
Okawaru
Qazlal
Ru
Sif Muna
Uskayaw
Wu Jian
Xom
Yredelemnul
Zin

Shops:
D:7 [

Annotations:
D:6 2 runed translucent doors, mora's ghost, novice MiFi


Innate Abilities, Weirdness & Mutations

You reflexively headbutt those who attack you in melee.
You have a pair of horns on your head.


Message History

You hit the death yak.
The death yak is almost dead.
You block the death yak's attack.
You hit the death yak.
The death yak is almost dead.
The death yak gores you.
* * * LOW HITPOINT WARNING * * *
You hit the death yak but do no damage. You headbutt the death yak.
The death yak is almost dead.
The death yak gores you!
* * * LOW HITPOINT WARNING * * *
You hit the death yak but do no damage.
You headbutt the death yak, but do no damage.
The death yak is almost dead.
The death yak gores you.
* * * LOW HITPOINT WARNING * * *
You hit the death yak but do no damage.
The death yak is almost dead.
The death yak gores you!
You die...

.......######..#.....#..#.# #...#
.......##...............#.###...#
.......##.###..#.#.#.#..#........
.##....##.# ##.#.#.#...######.###
.##....##.# #.#.....#......#...#
.##....##.# #...###.#.####.#.###
.##....##.# #..............#.#
###....##.#####Y.###.#.#....#.# #
#######.......@....#.#....#.# #
#..######.####.#....#.# #
#######............#.#....#.# #
#...††...######.##.#......#.#
#.######## #.##.###.#..#.# #.#
#.##.# #....#.# ###.#
#.##.######.#.# ....#
#.....÷.....#.# #####
####.########.#


You could see a death yak.

Vanquished Creatures
  A hornet (D:7)
  The ghost of nemuritori the Sneak, an amateur DsAs (D:4)
  Duvessa (D:4)
  An orc warrior (D:7)
  An ice beast (D:5)
  2 necrophages
  An ogre (D:3)
  A centaur (D:4)
  5 big kobolds (Sewer)
  2 elf zombies (Ossuary)
  5 bullfrogs
  Dowan (D:4)
  5 killer bees (D:7)
  A howler monkey (D:4)
  2 crimson imps
  4 hounds
  2 human zombies (Ossuary)
  2 jellies
  2 orc priests (D:3)
  A centaur skeleton (D:5)
  5 orc wizards
  2 bullfrog skeletons (D:7)
  Terence (D:3)
  4 iguanas
  5 worker ants
  A big kobold zombie (Ossuary)
  2 mummies (Ossuary)
  A howler monkey zombie (D:6)
  Robin (D:2)
  4 gnolls (D:3)
  2 river rats (Sewer)
  18 adders
  6 oozes
  An adder skeleton (D:8)
  9 worms
  6 dart slugs
  5 leopard geckos
  25 orcs
  4 ball pythons
  7 giant cockroaches
  11 goblins
  15 hobgoblins
  6 quokkas
  6 bats
  6 frilled lizards
  3 goblin zombies (Ossuary)
  6 hobgoblin zombies (Ossuary)
  8 kobolds
  11 kobold zombies (Ossuary)
  10 orc zombies (Ossuary)
  A quokka skeleton (D:6)
  17 rats
  2 rat zombies (Ossuary)
252 creatures vanquished.

Notes
Turn   | Place    | Note
-------+----------+-------------------------------------------
     0 | D:1      | Peloso the Minotaur Fighter began the quest for the Orb.
     0 | D:1      | Reached XP level 1. HP: 19/19 MP: 0/0
   168 | D:1      | Reached XP level 2. HP: 26/27 MP: 1/1
   557 | D:1      | Reached XP level 3. HP: 33/33 MP: 2/2
   910 | D:2      | Reached skill level 3 in Long Blades
   926 | D:2      | Reached XP level 4. HP: 39/40 MP: 3/3
   937 | D:2      | Found a stormy altar of Qazlal.
   965 | D:2      | Found a white marble altar of Elyvilon.
   969 | D:2      | Found an opulent altar of Gozag.
   969 | D:2      | Found a blossoming altar of Fedhas.
   978 | D:2      | Found a sparkling altar of Nemelex Xobeh.
   982 | D:2      | Found a burning altar of Makhleb.
  1012 | D:2      | Noticed Robin
  1090 | D:2      | Killed Robin
  1314 | D:2      | Found a shimmering altar of Xom.
  1455 | D:2      | Reached XP level 5. HP: 34/47 MP: 4/4
  1672 | D:3      | Found a shimmering blue altar of Sif Muna.
  1707 | D:3      | Reached skill level 4 in Long Blades
  1727 | D:3      | Reached skill level 1 in Dodging
  1856 | D:3      | Noticed Terence
  1857 | D:3      | Reached skill level 5 in Armour
  1879 | D:3      | Killed Terence
  1879 | D:3      | Reached XP level 6. HP: 25/55 MP: 5/5
  2272 | D:3      | Reached skill level 5 in Fighting
  2272 | D:3      | Reached skill level 5 in Long Blades
  2272 | D:3      | Reached skill level 5 in Shields
  2516 | D:4      | Found a runed translucent door.
  2517 | D:4      | Noticed nemuritori's ghost (amateur DsAs)
  2588 | D:4      | Reached XP level 7. HP: 48/61 MP: 6/6
  2593 | D:4      | Killed nemuritori's ghost
  2593 | D:4      | Reached skill level 6 in Long Blades
  2636 | D:4      | Found a glowing drain.
  2663 | Sewer    | Entered a sewer
  2928 | Sewer    | Reached XP level 8. HP: 64/70 MP: 7/7
  3164 | Sewer    | Reached skill level 7 in Long Blades
  3702 | D:4      | Noticed Duvessa
  3702 | D:4      | Noticed Dowan
  3713 | D:4      | Killed Duvessa
  3723 | D:4      | Killed Dowan
  4303 | D:5      | Entered Level 5 of the Dungeon
  4311 | D:5      | Reached skill level 8 in Long Blades
  4509 | D:5      | Found a blossoming altar of Fedhas.
  4709 | D:6      | Noticed a +0 dagger
  4709 | D:6      | Noticed a -2 dagger
  4711 | D:6      | Found a hide-covered altar of Uskayaw.
  5068 | D:6      | Reached XP level 9. HP: 78/78 MP: 8/8
  5140 | D:6      | Found a large runed translucent door.
  5141 | D:6      | Found a large runed translucent door.
  5142 | D:6      | Noticed mora's ghost (novice MiFi)
  5421 | D:7      | Found a sand-covered staircase.
  5427 | Ossuary  | Entered an ossuary
  5740 | D:7      | Found a sacrificial altar of Ru.
  5907 | D:7      | Reached skill level 9 in Long Blades
  5989 | D:7      | Paralysed by a hornet for 1 turns
  5994 | D:7      | HP: 3/78 [hornet (13)]
  6298 | D:7      | Found a staircase to the Ecumenical Temple.
  6325 | Temple   | Entered the Ecumenical Temple
  6343 | Temple   | Became a worshipper of Warmaster Okawaru
  6365 | D:7      | Found Varph's Antique Armour Emporium.
  6376 | D:7      | Bought a pitted cloak for 285 gold pieces
  6384 | D:7      | Identified the +0 cloak of Liacadof {+Blink rF+} (You
                  | bought it in a shop on level 7 of the Dungeon)
  6503 | D:7      | Found a glowing silver altar of Zin.
  6771 | D:8      | Reached skill level 10 in Long Blades
  6773 | D:8      | Noticed a death yak
  6773 | D:8      | Noticed a death yak
  6774 | D:8      | Noticed a death yak
  6821 | D:7      | HP: 3/79 [death yak (6)]
  6822 | D:7      | Slain by a death yak

Levels and vault maps discovered:
D:1:      dpeg_arrival_central, layout_basic
D:2:      layout_basic, old_standard_altar, minmay_overflow_temple_star_hex,
          lemuel_round_altar, chequers_serial_rivers_small_a, st_stairs_12,
          kennysheep_generic_room_14, uniq_robin
D:3:      layout_rooms, lemuel_blue_sif_altar, item_on_display_b, uniq_terence
D:4:      layout_loops_corners, ebering_ghost_sewer_d, portal_sewer_entry_b,
          minmay_pentangle, uniq_duvessa
D:5:      layout_rooms, first_ration, fedhas_ov_isle_minmay
D:6:      layout_loops_ring, dancing_weapons_uskayaw,
          ebering_ghost_disaster_area, minmay_misc_feat_alley
D:7:      layout_basic, zin_scriptorium, nicolae_ru_sacrificial_ziggurat,
          minmay_temple_entry_water_ring, serial_shops, shop,
          nicolae_ossuary_entry_ruins
D:8:      minmay_spotlight, layout_cave_pods, dpeg_lair_monsters,
          hangedman_ranch [blue_anna_fruit_fields]
Temple:   eino_wide_crystal_templ

Skill      XL: |  1  2  3  4  5  6  7  8  9 |
---------------+----------------------------+-----
Shields        | 4 5 6 7 8 |  8.8
Armour         | 4 5 6 7 8 |  8.6
Fighting       | 4 5 6 7 |  7.1
Long Blades    | 3 4 5 6 8 10 | 10.0
Dodging        | 1 2 4 |  4.3
Stealth        | |  0.7

Action                   |  1- 3 |  4- 6 |  7- 9 || total
-------------------------+-------+-------+-------++-------
Melee: Long sword        |    87 |   153 |   536 ||   776
       Headbutt          |    11 |    40 |    86 ||   137
  Use: Potion            |       |     1 |    13 ||    14
       Scroll            |       |       |     2 ||     2
  Eat: Chunk             |       |     6 |    14 ||    20
Armor: Scale mail        |    34 |       |       ||    34
       Chain mail        |     5 |    88 |   185 ||   278
       Skin              |       |       |    29 ||    29
Dodge: Dodged            |    14 |    37 |   126 ||   177
Block: Shield            |    47 |    98 |   310 ||   455
       Rpst.: Long sword |     3 |     7 |    40 ||    50
